 Dungeon Crawl Stone Soup version 0.21-a0-630-g344d351 (webtiles) character file.

46025 Alarkh the Geomancer (level 14, 103/103 HPs)
             Began as a Demonspawn Earth Elementalist on Dec 26, 2017.
             Was the Champion of Okawaru.
             Got out of the dungeon alive.
             The game lasted 00:40:41 (23905 turns).

Alarkh the Geomancer (DsEE)                        Turns: 23905, Time: 00:40:42

Health: 103/103    AC: 11    Str:  9    XL:     14   Next: 3%
Magic:  36/36      EV: 16    Int: 26    God:    Okawaru [******]
Gold:   1042       SH:  5    Dex: 17    Spells: 17/31 levels left

rFire    + . .     SeeInvis .   Y - +10 quarterstaff (drain)
rCold    . . .     Gourm    .   (shield currently unavailable)
rNeg     . . .     Faith    .   D - +2 leather armour {rPois}
rPois    +         Spirit   .   B - +2 hat
rElec    .         Reflect  +   x - +0 cloak
rCorr    .         Harm     .   y - +0 pair of gloves
MR       +....                  (no boots)
Stlth    ++........             r - +5 amulet of reflection
HPRegen  0.27/turn              F - ring of magical power
MPRegen  0.25/turn              o - +4 ring of intelligence

@: no status effects
A: horns 2, icy blue scales 2, agile 2, deformed body, fire resistance 1, flame
cloud immunity, MP-powered wands
a: Heroism, Finesse, Renounce Religion


You escaped.
You worshipped Okawaru.
Okawaru was exalted by your worship.
You were not hungry.

You visited 3 branches of the dungeon, and saw 18 of its levels.

You collected 1266 gold pieces.
You spent 224 gold pieces at shops.

Inventory:

Hand Weapons
 p - the +6 quarterstaff of Crystal {elec, rC+ MR+}
   (Okawaru gifted it to you on level 5 of the Lair of Beasts)

   Occasionally, upon striking a foe, it will discharge some electrical energy
   and cause terrible harm.
   It protects you from cold.
   It affects your resistance to hostile enchantments.
 q - the +1 short sword of Division {protect, rC+}
   (Okawaru gifted it to you on level 3 of the Lair of Beasts)

   It protects the one who uses it against injury (+AC on strike).
   It protects you from cold.
 s - a +1 long sword of freezing
 M - a +1 hand axe of chopping
 Y - a +10 quarterstaff of draining (weapon)
Armour
 i - a +1 robe of positive energy
 x - a +0 cloak (worn)
 y - a +0 pair of gloves (worn)
 B - a +2 hat (worn)
 C - a +0 shield of protection
 D - a +2 leather armour of poison resistance (worn)
 H - a +0 buckler
Magical Staves
 g - an uncursed staff of power
 K - an uncursed staff of fire
Jewellery
 o - a +4 ring of intelligence (right hand)
 r - a +5 amulet of reflection (around neck)
 t - an uncursed amulet of harm
 F - a ring of magical power (left hand)
 T - an uncursed amulet of rage
 X - an uncursed ring of positive energy
Wands
 c - a wand of iceblast (10)
 m - a wand of polymorph (10)
 v - a wand of scattershot (4)
 A - a wand of clouds (4)
 G - a wand of random effects (34)
 J - a wand of paralysis (26)
 P - a wand of acid (12)
 W - a wand of digging (21)
Scrolls
 a - 7 scrolls of enchant armour
 e - a scroll of identify
 h - 6 scrolls of remove curse
 j - 5 scrolls of teleportation
 k - 3 scrolls of fear
 l - a scroll of fog
 z - a scroll of enchant weapon {unknown}
 L - a scroll of torment {unknown}
 Q - a scroll of blinking
 R - a scroll of silence
 U - a scroll of random uselessness
Potions
 n - 2 potions of heal wounds
 E - 3 potions of flight
 I - 4 potions of curing
 O - a potion of might
 S - 5 potions of brilliance
Books
 b - a book of Clouds

   Spells                             Type                      Level
   a - Poisonous Vapours              Poison/Air                   2
   b - Mephitic Cloud                 Conjuration/Poison/Air       3
   c - Conjure Flame                  Conjuration/Fire             3
   d - Freezing Cloud                 Conjuration/Ice/Air          6
   e - Ring of Flames                 Charms/Fire                  7
 f - a book of Power

   Spells                             Type                      Level
   a - Iskenderun's Battlesphere      Conjuration/Charms           5
   b - Venom Bolt                     Conjuration/Poison           5
   c - Bolt of Magma                  Conjuration/Fire/Earth       5
   d - Iron Shot                      Conjuration/Earth            6
   e - Orb of Destruction             Conjuration                  7
   f - Spellforged Servitor           Conjuration/Summoning        7
 N - a book of the Tempests

   Spells                             Type                      Level
   a - Static Discharge               Conjuration/Air              3
   b - Lightning Bolt                 Conjuration/Air              5
   c - Ignition                       Fire                         8
   d - Tornado                        Air                          9
   e - Shatter                        Earth                        9
Miscellaneous
 u - a phantom mirror
 V - a crystal ball of energy
Comestibles
 d - 42 rations


   Skills:
 + Level 7.0 Fighting
 * Level 9.3 Staves
 + Level 6.4 Armour
 + Level 6.7 Dodging
 - Level 1.7 Stealth
 + Level 6.3 Shields
 - Level 9.1 Spellcasting
 - Level 9.0 Conjurations
 - Level 0.8 Transmutations
 - Level 9.3 Earth Magic
 + Level 8.3 Invocations
 + Level 4.0 Evocations


You had 17 spell levels left.
You knew the following spells:

 Your Spells              Type           Power        Failure   Level  Hunger
a - Stone Arrow           Conj/Erth      ######       1%          3    None
b - Blink                 Tloc           N/A          10%         2    None
c - Sandblast             Erth           ######       1%          1    None
d - Passwall              Tmut/Erth      #####.....   1%          2    None
e - Conjure Flame         Conj/Fire      #####...     3%          3    None
f - Regeneration          Chrm/Necr      ##........   21%         3    None


Dungeon Overview and Level Annotations

Branches:
Dungeon (11/15)            Temple (1/1) D:5            Lair (6/6) D:9
  Swamp (0/4) Lair:4       Spider (0/4) Lair:4        Slime (0/5) Lair:6
    Orc (0/2) D:9

Altars:
Ashenzari
Cheibriados
Dithmenos
Elyvilon
Fedhas
Gozag
Hepliaklqana
Kikubaaqudgha
Makhleb
Nemelex Xobeh
Okawaru
Qazlal
Ru
Sif Muna
Trog
Uskayaw
Vehumet
Wu Jian
Xom
Yredelemnul
Zin
The Shining One
Jiyva

Shops:
D:4 [   D:6 [

Annotations:
D:8 1 exclusion
Lair:6 1 runed door


Innate Abilities, Weirdness & Mutations

You have a pair of horns on your head.
You are mostly covered in icy blue scales. (AC +3)
Your flesh is heat resistant. (rF+)
You are immune to clouds of flame.
You are very agile. (Dex +4)
Armour fits poorly on your strangely shaped body.
You expend magic power (3 MP) to strengthen your wands.


Message History

HP restored.
You climb upwards.
There is a stone staircase leading down here.
There is a stone staircase leading up here.
You climb upwards.
There is a stone staircase leading down here.
There is a stone staircase leading up here.
You climb upwards.
There is a stone staircase leading down here.
There is a stone staircase leading up here.
You climb upwards.
There is a stone staircase leading down here.
You open the large door.
There is a large open door here.
There is an open door here.
There is a staircase leading out of the dungeon here.
Are you sure you want to leave the Dungeon?
This will make you lose the game! [Y]es or [N]o only, please.
Are you sure you want to leave the Dungeon?
This will make you lose the game!
You have escaped!

......# #..####''####...........
......# #..###....###...####.###
......# #..##......##...# #.#
......# #..##.#....##...# #.#
......# #..#........#...# ##.###
##.#+#####..#.#......#...# #....#
............#...##...#...# #....#
##.#.####...#..####..#..(###....#
...#....#...+..'@>+..'...........
#######.#...#..####..#....##.....
#.#...#...##...#....##.....
#.#...#......#.#....##..... ####
#.#...#........#....##..... ...#
#.#...##....#.##...(####### ...#
#.#...##......##....# # ...#
#.....###....###....# #
...#####....####''####....# #


There were no monsters in sight!

Vanquished Creatures
  Gastronok (Lair:1)
  5 hydras
  An anaconda (Lair:6)
  A two-headed ogre (D:8)
  Nergalle (Lair:3)
  An unseen horror (D:10)
  The ghost of Dirtsage the Cleaver, a novice HOFi of Qazlal (D:8)
  2 wolf spiders
  An oklob plant (Lair:5)
  5 elephants (Lair:6)
  A guardian serpent (Lair:6)
  5 black mambas
  A gargoyle (D:10)
  2 rime drakes
  11 spiny frogs
  4 komodo dragons
  4 jumping spiders (Lair:4)
  11 polar bears
  A troll (D:10)
  2 hornets (Lair:6)
  4 dream sheep (Lair:6)
  9 blink frogs
  3 raiju (Lair:6)
  6 hippogriffs
  2 redbacks (Lair:6)
  A spriggan (Lair:4)
  37 yaks
  A wraith (D:10)
  12 wyverns
  2 hungry ghosts
  3 basilisks
  6 wargs (Lair:6)
  12 hell hounds (Lair:6)
  16 water moccasins
  14 porcupines
  3 orc warriors
  An ice beast (D:8)
  4 sky beasts
  13 black bears
  A necrophage (D:10)
  2 phantoms
  4 ogres
  13 wolves (Lair:6)
  2 centaurs
  10 crocodiles
  14 bullfrogs
  5 scorpions
  3 killer bees (D:7)
  8 wights
  2 howler monkeys
  5 crimson imps
  A quasit (D:7)
  3 centaur zombies
  4 hounds
  8 orc priests
  2 jellies
  8 orc wizards
  3 iguanas
  8 worker ants
  A worker ant zombie (D:6)
  6 adders
  2 howler monkey skeletons
  A shadow imp (D:9)
  2 oozes (D:3)
  An adder skeleton (D:7)
  2 adder zombies
  3 worms
  9 leopard geckos
  42 orcs
  A ball python (D:2)
  6 bats
  7 giant cockroaches
  4 goblins
  8 hobgoblins
  7 frilled lizards
  4 kobolds
  A quokka skeleton (D:7)
  A quokka zombie (D:8)
  5 rats
  5 plants
434 creatures vanquished.

Vanquished Creatures (others)
  16 fungi
  27 plants
43 creatures vanquished.

Grand Total: 477 creatures vanquished

Notes
Turn   | Place    | Note
-------+----------+-------------------------------------------
     0 | D:1      | Alarkh the Demonspawn Earth Elementalist began the quest for the Orb.
     0 | D:1      | Reached XP level 1. HP: 13/13 MP: 3/3
   323 | D:1      | Gained mutation: Your flesh is heat resistant. (rF+) [demonic ancestry]
   323 | D:1      | Reached XP level 2. HP: 7/19 MP: 0/5
  1111 | D:2      | Reached XP level 3. HP: 23/24 MP: 1/7
  1747 | D:2      | Found a white marble altar of Elyvilon.
  1747 | D:2      | Found a hazy altar of Hepliaklqana.
  1794 | D:2      | Found a burning altar of Makhleb.
  1798 | D:2      | Gained mutation: You are immune to clouds of flame. [demonic ancestry]
  1798 | D:2      | Reached XP level 4. HP: 30/30 MP: 5/9
  2257 | D:3      | Learned a level 2 spell: Passwall
  2261 | D:3      | Learned a level 3 spell: Stone Arrow
  2264 | D:3      | Learned a level 2 spell: Blink
  2276 | D:3      | Found a blossoming altar of Fedhas.
  2381 | D:3      | Gained mutation: You are partially covered in icy blue scales. (AC +2) [demonic ancestry]
  2381 | D:3      | Reached XP level 5. HP: 35/35 MP: 7/10
  2671 | D:4      | Noticed an ogre
  2674 | D:4      | Killed an ogre
  2674 | D:4      | Reached skill level 1 in Conjurations
  2771 | D:4      | Gained mutation: You have a pair of small horns on your head. [demonic ancestry]
  2771 | D:4      | Reached XP level 6. HP: 41/41 MP: 7/12
  2930 | D:4      | Found Bitaun's Armour Emporium.
  2937 | D:4      | Bought a +0 cloak for 49 gold pieces
  3450 | D:5      | Entered Level 5 of the Dungeon
  3511 | D:5      | Reached skill level 5 in Earth Magic
  3511 | D:5      | Reached XP level 7. HP: 46/46 MP: 7/14
  3718 | D:5      | Reached skill level 5 in Spellcasting
  4041 | D:5      | Noticed a hungry ghost
  4050 | D:5      | Killed a hungry ghost
  4215 | D:5      | Found a staircase to the Ecumenical Temple.
  4397 | Temple   | Entered the Ecumenical Temple
  4456 | Temple   | Became a worshipper of Warmaster Okawaru
  4557 | D:6      | Reached XP level 8. HP: 52/52 MP: 12/16
  4822 | D:6      | Reached * piety under Okawaru
  4822 | D:6      | Reached skill level 5 in Conjurations
  4919 | D:6      | Found an ancient bone altar of Kikubaaqudgha.
  4958 | D:6      | Found an opulent altar of Gozag.
  5383 | D:6      | Found Yqiun's Antique Armour Boutique.
  5386 | D:6      | Bought a runed leather armour for 175 gold pieces
  5708 | D:7      | Gained mutation: You are mostly covered in icy blue scales. (AC +3) [demonic ancestry]
  5708 | D:7      | Reached XP level 9. HP: 57/57 MP: 12/19
  6542 | D:7      | Reached ** piety under Okawaru
  6608 | D:7      | Found a deep blue altar of Sif Muna.
  6955 | D:8      | Learned a level 3 spell: Conjure Flame
  7366 | D:8      | Found a sparkling altar of Nemelex Xobeh.
  7501 | D:8      | Noticed a two-headed ogre
  7508 | D:8      | Killed a two-headed ogre
  7508 | D:8      | Reached *** piety under Okawaru
  7531 | D:8      | Got a jewelled chain mail
  7544 | D:8      | Identified the +1 chain mail of the Commoners {rN+} (You found it on level 8 of the Dungeon)
  7568 | D:8      | Noticed Dirtsage's ghost (novice HOFi)
  7577 | D:8      | Killed Dirtsage's ghost
  7577 | D:8      | Reached XP level 10. HP: 53/63 MP: 13/22
  8162 | D:9      | Found a staircase to the Lair.
  8303 | D:9      | Found a shattered altar of Ashenzari.
  8414 | D:9      | Found a staircase to the Orcish Mines.
  8579 | D:9      | Found an ornate altar of the Wu Jian Council.
  9163 | D:10     | Entered Level 10 of the Dungeon
  9259 | D:10     | Noticed a gargoyle
  9266 | D:10     | Killed an unseen horror
  9266 | D:10     | Reached **** piety under Okawaru
  9276 | D:10     | Killed a gargoyle
  9905 | D:10     | Reached skill level 1 in Staves
 10055 | D:10     | Reached skill level 1 in Fighting
 10058 | D:10     | Received a gift from Okawaru
 10089 | D:10     | Learned a level 3 spell: Regeneration
 10103 | D:10     | Reached skill level 1 in Armour
 10103 | D:10     | Reached skill level 1 in Shields
 10243 | Lair:1   | Entered Level 1 of the Lair of Beasts
 10246 | Lair:1   | Noticed Gastronok
 10285 | Lair:1   | Killed Gastronok
 10285 | Lair:1   | Received a gift from Okawaru
 10285 | Lair:1   | Reached ***** piety under Okawaru
 10285 | Lair:1   | Reached XP level 11. HP: 9/72 MP: 3/24
 11473 | Lair:2   | Gained mutation: You are frail. (-10% HP) [potion of mutation]
 11473 | Lair:2   | Gained mutation: You possess an exceptional clarity of mind. [potion of mutation]
 11473 | Lair:2   | Gained mutation: You are agile. (Dex +2) [potion of mutation]
 11474 | Lair:2   | Lost mutation: You are frail. (-10% HP) [potion of mutation]
 11474 | Lair:2   | Lost mutation: You possess an exceptional clarity of mind. [potion of mutation]
 11474 | Lair:2   | Gained mutation: You expend magic power (3 MP) to strengthen your wands. [potion of mutation]
 11474 | Lair:2   | Gained mutation: Armour fits poorly on your strangely shaped body. [potion of mutation]
 11474 | Lair:2   | Gained mutation: You are very agile. (Dex +4) [potion of mutation]
 12015 | D:11     | Noticed a skeletal warrior
 12721 | Lair:2   | Reached skill level 1 in Invocations
 13282 | Lair:3   | Noticed Nergalle
 13290 | Lair:3   | Killed Nergalle
 13374 | Lair:3   | Received a gift from Okawaru
 13374 | Lair:3   | Reached skill level 5 in Staves
 13377 | Lair:3   | Got a crude short sword {god gift}
 13378 | Lair:3   | Identified the +1 short sword of Division {protect, rC+} (Okawaru gifted it to you on level 3 of the Lair of Beasts)
 14541 | Lair:4   | Reached XP level 12. HP: 83/83 MP: 23/25
 14567 | Lair:4   | Found a hole to the Spider Nest.
 14596 | Lair:4   | HP: 4/83 [jumping spider (2)]
 15119 | Lair:4   | Received a gift from Okawaru
 15701 | Lair:4   | Found a staircase to the Swamp.
 16327 | Lair:5   | Identified a scroll of acquirement
 16838 | Lair:5   | Noticed a seven-headed hydra
 16843 | Lair:5   | Killed a seven-headed hydra
 16843 | Lair:5   | Reached skill level 5 in Dodging
 16843 | Lair:5   | Reached skill level 5 in Invocations
 16954 | Lair:5   | Reached skill level 5 in Fighting
 17229 | Lair:5   | Noticed a five-headed hydra
 17235 | Lair:5   | Killed a five-headed hydra
 17409 | Lair:5   | Reached skill level 5 in Armour
 17807 | Lair:5   | Reached skill level 5 in Shields
 17896 | Lair:6   | Entered Level 6 of the Lair of Beasts
 17903 | Lair:6   | Noticed a seven-headed hydra
 18317 | Lair:5   | Received a gift from Okawaru
 18327 | Lair:5   | Got a smoking quarterstaff {god gift}
 18335 | Lair:5   | Identified the +6 quarterstaff of Crystal {elec, rC+ MR+} (Okawaru gifted it to you on level 5 of the Lair of Beasts)
 18955 | Lair:6   | Reached skill level 1 in Evocations
 19238 | Lair:6   | Gained mutation: You have a pair of horns on your head. [demonic ancestry]
 19238 | Lair:6   | Reached XP level 13. HP: 71/93 MP: 26/26
 21034 | Lair:6   | Reached ****** piety under Okawaru
 21166 | Lair:6   | Received a gift from Okawaru
 21565 | Lair:6   | Found a viscous altar of Jiyva.
 21566 | Lair:6   | Found a runed door.
 21566 | Lair:6   | Noticed an acid blob
 21567 | Lair:6   | Noticed an acid blob
 21569 | Lair:6   | Found a staircase to the Slime Pits.
 21779 | Lair:6   | Received a gift from Okawaru
 23115 | Lair:6   | Reached XP level 14. HP: 64/101 MP: 4/27
 23905 | D:$      | Got out of the dungeon alive.

Vault maps used:
D:1:      dpeg_arrival_refuge
D:2:      makhleb_grotto_becter, gammafunk_temple_overflow_wave
D:3:      fedhas_altar_2, first_ration, minmay_crystal_water
D:4:      serial_shops, shop
D:5:      minmay_temple_entry_statues_pillars
D:6:      marbit_many_paths, kiku_gazebo_garden_becter, serial_shops,
          nicolae_shop_behind_doors
D:7:      kennysheep_mini_moat
D:8:      nemelex_xobeh_ov_fountains_minmay, serial_glass, glass_columns_a,
          glass_columns_a, glass_columns_a, glass_columns_b, glass_columns_b,
          glass_columns_a, glass_columns_c, glass_columns_b, glass_columns_b,
          glass_columns_a, glass_columns_b, glass_columns_c, glass_columns_a,
          glass_columns_c, unseen_surprise_small, minmay_strange_pillars,
          minmay_strange_pillars
D:9:      lemuel_doored_altar, david_lair_shrubbed, orc_0_dummy, basic_altar
D:11:     serial_shops, nicolae_shop_window_shopping, hangedman_stone_soup,
          st_stairs_8, due_unseen_surprise
Temple:   cyrus_circular_temple
Lair:1:   uniq_gastronok
Lair:2:   minivault_25
Lair:3:   st_stairs_12, grunt_megastairs_4, uniq_nergalle
Lair:4:   wad_woods_04, swamp_mist, spider_nest_entry_a
Lair:5:   beast_lair_carwin_7, lemuel_fruit_tree
Lair:6:   hangedman_lair_caniforms_friends, hangedman_lair_tendril_chambers,
          slime_altar_2

Skill      XL: |  1  2  3  4  5  6  7  8  9 10 11 12 13 14 |
---------------+-------------------------------------------+-----
Earth Magic    | 3 4 5 7 8 9 |  9.3
Spellcasting   | 3 4 5 6 8 9 |  9.1
Conjurations   | 1 3 4 6 7 9 |  9.0
Staves         | 3 5 7 9 |  9.3
Dodging        | 2 4 5 6 |  6.7
Fighting       | 2 4 5 6 7 |  7.0
Armour         | 1 3 5 6 |  6.4
Shields        | 1 3 5 6 |  6.3
Invocations    | 3 6 8 |  8.3
Evocations     | 1 4 |  4.0
Stealth        | |  1.7
Transmutations | |  0.8

Action                   |  1- 3 |  4- 6 |  7- 9 | 10-12 | 13-15 || total
-------------------------+-------+-------+-------+-------+-------++-------
Melee: Unarmed           |     1 |       |       |       |       ||     1
       Spear             |    14 |     9 |    28 |       |       ||    51
       Headbutt          |       |       |     5 |    71 |    44 ||   120
       Hand axe          |       |       |    24 |    28 |       ||    52
       Long sword        |       |       |       |   186 |       ||   186
       Quarterstaff      |       |       |       |    42 |   207 ||   249
 Cast: Sandblast         |    58 |    51 |   157 |   201 |       ||   467
       Stone Arrow       |       |     1 |     6 |   161 |   200 ||   368
       Conjure Flame     |       |       |     4 |     9 |     2 ||    15
       Blink             |       |       |       |     2 |       ||     2
Invok: Heroism           |       |       |       |     3 |     4 ||     7
Evoke: Wand              |       |       |       |     2 |       ||     2
  Use: Scroll            |     2 |     1 |     7 |    15 |     5 ||    30
       Potion            |       |       |       |     6 |     2 ||     8
 Stab: Sleeping          |       |       |     5 |     1 |       ||     6
       Distracted        |       |       |     1 |     1 |       ||     2
  Eat: Chunk             |     3 |    20 |    18 |    26 |     8 ||    75
       Ration            |       |       |       |     1 |     2 ||     3
Armor: Robe              |    14 |     4 |    11 |       |       ||    29
       Leather armour    |       |       |    35 |    90 |   100 ||   225
Dodge: Dodged            |    40 |    12 |    60 |   179 |   249 ||   540
Block: Buckler           |       |       |     7 |    33 |       ||    40
       Shield            |       |       |       |   105 |       ||   105
       Other             |       |       |       |    11 |    92 ||   103
       Reflection        |       |       |       |     1 |       ||     1
       Rpst.: Long sword |       |       |       |    25 |       ||    25

Table legend:
 A = Spawn XP
 B = Non-spawn XP
 C = Spawn XP percentage of total XP
 D = Spawn monster count
 E = Non-spawn monster count
 F = Spawn count percentage of total count
 G = Total turns spent on level
                    A         B        C        D         E        F      G
               +---------+---------+-------+---------+---------+-------+---------
         Total |       0 |   65750 |   0.0 |       0 |     429 |   0.0 | 23905
               +---------+---------+-------+---------+---------+-------+---------
           D:1 |       0 |      43 |   0.0 |       0 |      15 |   0.0 |  1122
           D:2 |       0 |     101 |   0.0 |       0 |      21 |   0.0 |   863
           D:3 |       0 |      82 |   0.0 |       0 |      17 |   0.0 |   732
           D:4 |       0 |     444 |   0.0 |       0 |       7 |   0.0 |   824
           D:5 |       0 |     611 |   0.0 |       0 |      10 |   0.0 |   959
           D:6 |       0 |    1227 |   0.0 |       0 |      28 |   0.0 |  1132
           D:7 |       0 |     801 |   0.0 |       0 |      23 |   0.0 |  1375
           D:8 |       0 |    2746 |   0.0 |       0 |      30 |   0.0 |  1086
           D:9 |       0 |    1035 |   0.0 |       0 |      21 |   0.0 |  1464
          D:10 |       0 |    3091 |   0.0 |       0 |      35 |   0.0 |  1276
          D:11 |       0 |      45 |   0.0 |       0 |       1 |   0.0 |     3
        Lair:1 |       0 |    4418 |   0.0 |       0 |      15 |   0.0 |  1535
        Lair:2 |       0 |    2940 |   0.0 |       0 |      18 |   0.0 |  1344
        Lair:3 |       0 |    3343 |   0.0 |       0 |      12 |   0.0 |   842
        Lair:4 |       0 |    4984 |   0.0 |       0 |      22 |   0.0 |  2072
        Lair:5 |       0 |   10492 |   0.0 |       0 |      37 |   0.0 |  2201
        Lair:6 |       0 |   29347 |   0.0 |       0 |     117 |   0.0 |  5000
               +---------+---------+-------+---------+---------+-------+---------
